Map: Last Fantasy LE

Players

KimChiLoVer - Winner!

  • Race: Terran Terran
  • League: Diamond
  • Spawn Location: 7:00

VOD

Have the link to the VOD?

Description

Time

  • Played on: Sept. 8, 2025, 9:36 p.m.
  • Length: 15:08
Show
View Real Time Build Order
Export as new Build Order

KimChiLoVer Terran - Winner!

Build Orders:  

Get SALT Encoding   

  12  0:01  SCV  
  13  0:17  SCV  
  14  0:26  Supply Depot  
  14  0:34  SCV  
  15  0:56  SCV  
  15  0:58  Barracks  
  16  1:06  Refinery  
  16  1:18  Refinery  
  16  1:19  SCV  
  17  1:36  SCV  
  18  1:53  SCV  
  20  2:10  Orbital Command  
  20  2:12  Reaper  
  20  2:16  Supply Depot  
  20  2:34  Factory  
  20  2:53  SCV  
  21  3:02  Barracks Reactor  
  21  3:21  Command Center  
  21  3:38  Unknown  
  21  3:45  Factory Tech Lab  
  21  3:47  SCV  
  22  3:56  Marine x2  
  22  3:58  Starport  
  24  4:10  Supply Depot  
  24  4:12  Cyclone  
  27  4:30  Marine x2  
  29  4:44  SCV  
  29  4:48  Medivac  
  32  4:57  Siege Tank  
  35  5:11  Refinery  
  35  5:13  SCV  
  35  5:16  Marine x2  
  38  5:30  Viking  
  40  5:41  Marine x2  
  42  5:53  Siege Tank  
  42  5:56  Siege Tank  
  45  6:02  Orbital Command  
  45  6:07  Supply Depot  
  45  6:25  Marine x2  
  50  7:08  Marine x2  
  50  7:09  Siege Tank  
  36  7:20  Unknown  
  36  7:22  SCV  
  36  7:29  SCV  
  38  7:33  Marine  
  38  7:37  Starport Reactor  
  38  7:38  SCV  
  40  7:46  SCV  
  41  7:54  Siege Tank  
  41  7:56  SCV  
  41  7:58  Barracks  
  41  7:59  Supply Depot  
  45  8:00  Barracks  
  45  8:12  Bunker  
  45  8:13  SCV  
  45  8:15  SCV  
  47  8:28  Marine  
  47  8:29  Marine  
  49  8:30  SCV  
  49  8:32  SCV  
  49  8:37  Medivac  
  53  8:47  SCV  
  53  8:48  Supply Depot  
  53  8:49  SCV  
  55  8:51  Siege Tank  
  58  9:00  Marine  
  58  9:01  Marine  
  58  9:04  SCV  
  58  9:06  Engineering Bay, SCV  
  62  9:12  Barracks Tech Lab x2  
  62  9:21  SCV  
  62  9:23  SCV  
  62  9:27  Engineering Bay  
  62  9:28  Medivac  
  66  9:30  Stimpack  
  66  9:31  Siege Tank x3  
  66  9:38  SCV  
  67  9:40  SCV  
  67  9:47  Supply Depot  
  67  9:48  Supply Depot  
  68  9:53  Terran Infantry Weapons Level 1  
  68  9:55  SCV, Missile Turret  
  68  9:57  SCV  
  70  10:01  Unknown  
  70  10:04  Marine  
  71  10:11  Siege Tank  
  71  10:14  SCV  
  71  10:19  Terran Infantry Armor Level 1, Missile Turret  
  72  10:23  Supply Depot  
  72  10:28  SCV, Supply Depot  
  73  10:36  Marine  
  77  10:46  Marine  
  77  10:47  Marine x2  
  80  10:53  Siege Tank  
  83  11:01  Supply Depot  
  83  11:06  SCV  
  87  11:11  Marauder  
  87  11:12  Marauder  
  87  11:13  Refinery  
  87  11:16  Supply Depot  
  87  11:19  Supply Depot  
  91  11:21  Marine x2  
  93  11:33  Unknown  
  93  11:41  Marine  
  93  11:42  Marine, Siege Tank  
  93  11:46  Marine x2  
  100  11:55  Siege Tank x3  
  100  11:56  Siege Tank  
  100  12:02  Unknown  
  100  12:06  Marine  
  101  12:22  Siege Tank  
  101  12:48  Marine  
  101  12:49  Marine x3  
  105  13:13  Marine  
  105  13:14  Marine x3  
  109  13:23  Siege Tank x5  
  109  13:38  Marine, Armory  
  109  13:39  Marine x3  
  113  13:51  Supply Depot x2  
  113  13:53  Command Center  
  113  13:56  Barracks  
  113  13:57  Command Center  
  113  13:58  Barracks  
  113  13:59  SCV x2  
  115  14:01  Barracks  
  115  14:03  Marine  
  115  14:04  Marine x3  
  119  14:16  SCV x2  
  121  14:28  Marine  
  121  14:29  Marine x3  
Tags
 
Add a new tag
Caveats
  • Supply blocks, unpowered buildings, or Contaminate may cause inaccurate times.
  • Supply counts are checked every 10 seconds.